 Dungeon Crawl Stone Soup version 0.27-b1-42-g19c61b19a5 (webtiles) character file.

Game seed: 4191947793546262280

171 Urokeeper the Covert (level 5, 0/39 HPs)
             Began as a Vampire Brigand on July 29, 2021.
             Succumbed to an orc wizard's poison
             ... on level 4 of the Dungeon.
             The game lasted 00:21:39 (3584 turns).

Urokeeper the Covert (Vampire Brigand)              Turns: 3584, Time: 00:21:40

Health: 0/39       AC:  3    Str: 10    XL:     5   Next: 26%
Magic:  5/5        EV: 12    Int: 19    God:
Gold:   199        SH:  0    Dex: 17    Spells: 4/4 levels left

rFire    . . .     SeeInvis +   a - +2 dagger
rCold    . . .     Faith    .   (no shield)
rNeg     . . .     Spirit   .   b - +0 robe
rPois    .         Reflect  .   (no helmet)
rElec    .         Harm     .   c - +0 cloak
rCorr    .         Rampage  .   (no gloves)
Will     .....                  (no boots)
Stlth    ++++......             (no amulet)
HPRegen  0.33/turn              l - +6 ring of intelligence
MPRegen  0.09/turn              (no ring)

@: lethally poisoned (0 -> -4), healing quickly
A: alive, fangs 3, see invisible, vampiric 2
a: Exsanguinate


You were on level 4 of the Dungeon.
You visited 1 branch of the dungeon, and saw 4 of its levels.

You collected 199 gold pieces.

Inventory:

Hand Weapons
 a - a +2 dagger (weapon)
 k - a +0 short sword of freezing
Missiles
 d - 9 poisoned darts (quivered)
 e - 2 curare-tipped darts
Armour
 b - a +0 robe (worn)
 c - a +0 cloak (worn)
Jewellery
 l - a +6 ring of intelligence (left hand)
Wands
 n - a wand of acid (8)
Scrolls
 f - a scroll of identify {unknown}
 g - 2 scrolls of teleportation {unknown}
 p - a scroll of blinking {unknown}
 q - 2 scrolls of noise {unknown}
Potions
 h - a potion of heal wounds {unknown}
 i - a potion of might {unknown}
 j - a potion of degeneration {unknown}
 m - a potion of lignification {unknown}
 o - a potion of attraction {unknown}
 r - a potion of haste {unknown}


   Skills:
 + Level 2.4 Fighting
 + Level 3.1 Short Blades
 + Level 1.8 Throwing
 + Level 2.1 Dodging
 + Level 8.4 Stealth


You had 4 spell levels left.
You didn't know any spells.
Your spell library contained the following spells:

 Spells                   Type           Power      Damage    Failure   Level
 Corona                   Hex            0%         N/A       21%         1
 Sandblast                Erth           0%         2d4       21%         1
 Ensorcelled Hibernation  Hex/Ice        0%         N/A       30%         2
 Passwall                 Tmut/Erth      0%         N/A       30%         2
 Tukima's Dance           Hex            0%         N/A       52%         3
 Lee's Rapid Deconstruct  Erth           0%         3d5*      99%         5


Dungeon Overview and Level Annotations

Branches:
Dungeon (4/15)
 Temple: D:4-7

Altars:
Elyvilon

Shops:
D:3 :*!

Annotations:
D:4 Menkaure


Innate Abilities, Weirdness & Mutations

Your natural rate of healing is accelerated.
You have razor-sharp teeth.
You have supernaturally acute eyesight. (SInv)
You are afflicted with vampirism and can become a bat while bloodless.


Message History

The magic dart hits you!
You feel sick.
You bump into the rock wall.
You feel less confused.
You feel sick. The orc barely misses you.
You hit the orc. Your bite misses the orc.
The orc is moderately wounded.
You feel sick. The orc barely misses you. The orc hits you but does no damage.
You hit the orc. You bite the orc.
You kill the orc!
You feel sick. The orc wizard closely misses you.
The orc hits you with a +0 flail.
You hit the orc wizard. Your bite misses the orc wizard.
The orc wizard is heavily wounded.
You feel sick.
You are no longer poisoned.
The orc wizard looks more healthy.
The orc wizard closely misses you. The orc hits you with a +0 flail!
* * * LOW HITPOINT WARNING * * *
You closely miss the orc wizard. Your bite misses the orc wizard.
The orc wizard is severely wounded.
The orc wizard hits you with a +0 dagger of venom.
* * * LOW HITPOINT WARNING * * *
You are poisoned.
The orc hits you with a +0 flail.
* * * LOW HITPOINT WARNING * * *
Level annotation: Menkaure Welcome back, Urokeeper the Vampire Brigand.
Press ? for a list of commands and other information.
* * * LOW HITPOINT WARNING * * *
You feel sick. The orc wizard barely misses you.
The orc hits you with a +0 flail.
* * * LOW HITPOINT WARNING * * *
Unknown command.
* * * LOW HITPOINT WARNING * * *
You feel sick. The orc wizard barely misses you. The orc barely misses you.
You see here a +0 hand axe.
* * * LOW HITPOINT WARNING * * *
You feel sick. The orc wizard barely misses you.
You die...

#......#......#.....#
#......#......#.....#
#.............#.....#
#######.#######.....#
#
#......##....#######
#......#.....##.....
#......(.....(......
#....o)#............
#..@.o.#............
#......#............
##'######....#####+#
##.....##....#
#............#
#............#
#............#
#########....#
#.......#....#


You could see an orc wizard (invisible) and an orc.

Vanquished Creatures
  Natasha (twice) (D:4)
  A hound zombie (D:4)
  2 adders
  An ufetubus (D:4)
  An adder zombie (D:4)
  A worm (D:3)
  2 dart slugs
  4 orcs
  4 ball pythons
  4 endoplasms
  4 giant cockroaches
  6 goblins
  10 hobgoblins
  4 jackals
  4 quokkas
  6 bats
  2 frilled lizards
  6 kobolds
  7 rats
71 creatures vanquished.

Vanquished Creatures (others)
  2 withered plants (D:4)
2 creatures vanquished.

Grand Total: 73 creatures vanquished

Notes
Turn   | Place    | Note
-------+----------+-------------------------------------------
     0 | D:1      | Urokeeper the Vampire Brigand began the quest for the Orb.
     0 | D:1      | Reached XP level 1. HP: 16/16 MP: 1/1
    67 | D:1      | Reached skill level 6 in Stealth
   326 | D:1      | Reached XP level 2. HP: 22/22 MP: 2/2
   927 | D:1      | Found a faded altar of an unknown god.
  1198 | D:2      | Gained mutation: You are afflicted with vampirism and can
                  | become a bat while bloodless. [Vampire growth]
  1198 | D:2      | Reached XP level 3. HP: 27/27 MP: 3/3
  1216 | D:2      | Reached skill level 7 in Stealth
  1773 | D:3      | Found Tohyo's Book Shoppe.
  2044 | D:3      | Found Ydiqy's Distillery.
  2060 | D:3      | Found Qeejinog's Armour Boutique.
  2084 | D:3      | Reached XP level 4. HP: 33/33 MP: 4/4
  2170 | D:3      | Found Jouh's Assorted Antiques.
  2897 | D:4      | Noticed Menkaure
  3150 | D:4      | Noticed a scorpion
  3214 | D:4      | Reached skill level 8 in Stealth
  3294 | D:4      | Noticed Natasha
  3307 | D:4      | Killed Natasha
  3398 | D:4      | Noticed Natasha
  3409 | D:4      | Killed Natasha
  3410 | D:4      | Reached XP level 5. HP: 34/39 MP: 5/5
  3582 | D:4      | HP: 1/39 [poisoned by an orc wizard]
  3584 | D:4      | Succumbed to an orc wizard's poison

Illustrated notes

Levels and vault maps discovered:
D:1:      psy_arrival_spokes, layout_basic, basic_ecumenical_altar
D:2:      layout_basic, basic_altar, hangedman_abyss_or_decor_stabs,
          patterned_corridor
D:3:      minmay_razor_zed, layout_loops_ring, serial_shops, shop_fountains,
          shop_statue, nicolae_shop_temple_entry_statues_fountains,
          shop_fountains
D:4:      layout_gridville, nicolae_overflow_hidden_temple, serial_undead,
          serial_undead_e, serial_undead_b, serial_undead_b, serial_undead_a,
          chequers_serial_rivers_micro_b, uniq_edmund, uniq_menkaure,
          uniq_natasha

Skill      XL: |  1  2  3  4 |
---------------+-------------+-----
Stealth        | 6 7 8 |  8.4
Fighting       | 2 |  2.4
Short Blades   | 3 |  3.1
Dodging        | 2 |  2.1
Throwing       | |  1.8

Action                   |  1- 3 |  4- 6 || total
-------------------------+-------+-------++-------
Melee: Dagger            |   128 |   103 ||   231
       Bite              |    12 |    12 ||    24
Throw: Dart              |     1 |     6 ||     7
 Stab: Sleeping          |    10 |     7 ||    17
       Distracted        |     1 |       ||     1
Armor: Robe              |    24 |    25 ||    49
Dodge: Dodged            |    73 |    78 ||   151
